details: 'bizarre perch vs some ud tryhard'

« prev index next »

General information

Mini Map

Players

team 1
Undeadmimosa17 (green | 17 APM | 2162 actions | 126:18)
Hero icon 4 Crypt Lord
Ability icon 1 Carrion Beetles
Ability icon 1 Impale
Ability icon 2 Spiked Carapace
Hero icon 2 Firelord
Ability icon 1 Soul Burn
Ability icon 1 Incinerate

» actions
Basic commands51
Build / train161
Enter build submenu79
Enter hero's abilities submenu6
Give item / drop item7
Right click686
Select / deselect1045
Use ability127
2162 total
» units
Acolyte26
Ghoul21
Goblin Shredder1
Meatwagon3
Necromancer8
Crypt Fiend11
Thunder Lizard1
Satyr Shadowdancer1
Gargoyle2
Obsidian Statue5
Banshee3
Frost Wyrm4
Goblin Zeppelin2
88 total
» upgrades
Unholy Strength3
Unholy Armor3
Cannibalize1
Necromancer Training3
Skeletal Longevity2
Web1
Skeletal Mastery1
Destroyer Form1
Stone Form1
Creature Attack3
Creature Carapace3
Exhume Corpses1
Banshee Training2
Freezing Breath1
26 total
» buildings
Crypt3
Altar of Darkness2
Ziggurat39
Graveyard2
Halls of the Dead2
Spirit Tower30
Slaughterhouse2
Temple of the Damned2
Black Citadel2
Tomb of Relics3
Necropolis1
Nerubian Tower4
Sacrificial Pit1
Boneyard2
95 total
» build order
00:16 Crypt
00:28 Altar of Darkness
00:42 Ziggurat
01:07 Graveyard
01:21 Ziggurat
02:13 Ziggurat
04:14 Halls of the Dead
04:30 Spirit Tower
05:14 Ziggurat
06:17 Spirit Tower
07:17 Slaughterhouse
08:24 Temple of the Damned
10:24 Black Citadel
14:12 Tomb of Relics
16:47 Spirit Tower
20:41 Ziggurat
20:59 Ziggurat
21:38 Necropolis
23:27 Spirit Tower
23:32 Ziggurat
23:40 Spirit Tower
24:00 Spirit Tower
24:41 Spirit Tower
27:06 Ziggurat
27:37 Ziggurat
28:01 Ziggurat
29:03 Crypt
29:29 Graveyard
29:51 Ziggurat
30:13 Crypt
30:24 Nerubian Tower
30:47 Nerubian Tower
30:50 Nerubian Tower
30:53 Nerubian Tower
31:25 Ziggurat
32:11 Halls of the Dead
32:27 Spirit Tower
33:32 Ziggurat
33:51 Ziggurat
34:09 Ziggurat
34:49 Spirit Tower
35:19 Slaughterhouse
35:27 Tomb of Relics
35:44 Ziggurat
36:00 Spirit Tower
36:40 Spirit Tower
38:27 Altar of Darkness
40:47 Black Citadel
41:01 Temple of the Damned
41:18 Ziggurat
44:03 Spirit Tower
45:05 Ziggurat
46:17 Spirit Tower
49:29 Ziggurat
50:50 Spirit Tower
51:50 Ziggurat
52:13 Sacrificial Pit
52:46 Spirit Tower
53:40 Boneyard
59:13 Ziggurat
60:23 Ziggurat
60:35 Spirit Tower
61:01 Ziggurat
61:53 Boneyard
62:22 Spirit Tower
63:00 Ziggurat
63:31 Spirit Tower
63:53 Spirit Tower
64:28 Ziggurat
65:07 Ziggurat
65:43 Spirit Tower
66:23 Ziggurat
67:09 Spirit Tower
67:47 Spirit Tower
72:02 Ziggurat
73:13 Spirit Tower
74:10 Ziggurat
77:00 Spirit Tower
79:16 Ziggurat
81:18 Tomb of Relics
81:36 Spirit Tower
82:11 Ziggurat
83:58 Spirit Tower
84:12 Ziggurat
84:24 Ziggurat
85:56 Ziggurat
86:29 Ziggurat
87:16 Ziggurat
88:28 Spirit Tower
89:00 Spirit Tower
89:27 Spirit Tower
89:44 Ziggurat
90:42 Ziggurat
90:49 Ziggurat
90:58 Spirit Tower
» items
Scroll of Town Portal1
1 total
team 2
Humanmxtpa (pink | 41 APM | 5221 actions | 126:19)
Hero icon 7 Archmage
Ability icon 3 Blizzard
Ability icon 3 Brilliance Aura
Ability icon 1 Mass Teleport
Hero icon 7 Blood Mage
Ability icon 3 Flame Strike
Ability icon 2 Siphon Mana
Ability icon 1 Banish
Ability icon 1 Summon Phoenix
Hero icon 4 Goblin Tinker
Ability icon 2 Pocket Factory
Ability icon 2 Cluster Rockets

» actions
Assign group hotkey83
Basic commands336
Build / train186
ESC pressed10
Enter build submenu104
Enter hero's abilities submenu20
Give item / drop item19
Right click1853
Select / deselect1502
Select group hotkey480
Use ability627
5221 total
» units
Peasant15
Goblin Shredder4
Goblin Zeppelin7
Goblin Sapper3
Priest4
Mortar Team2
Sorceress1
Gryphon Rider2
Dragonhawk Rider5
Siege Engine10
53 total
» upgrades
Masonry3
Sorceress Training2
Priest Training2
Gunpowder3
Magic Sentry1
Fragmentation Shards1
Armor4
Animal War Training1
Flare1
Storm Hammers2
Cloud1
Swords3
Barrage1
Plating3
Flak Cannons1
29 total
» buildings
Altar of Kings1
Farm17
Arcane Vault2
Lumber Mill2
Scout Tower70
Arcane Tower14
Guard Tower22
Keep1
Blacksmith1
Arcane Sanctum2
Town Hall5
Workshop4
Castle1
Barracks1
Gryphon Aviary4
147 total
» build order
00:07 Altar of Kings
00:32 Farm
00:33 Farm
00:51 Arcane Vault
01:05 Lumber Mill
01:14 Scout Tower
01:47 Scout Tower
02:03 Farm
02:19 Arcane Tower
02:20 Arcane Tower
02:20 Arcane Tower
02:27 Guard Tower
02:27 Guard Tower
02:41 Scout Tower
03:21 Guard Tower
03:23 Scout Tower
04:04 Keep
04:26 Guard Tower
04:27 Scout Tower
04:32 Scout Tower
05:40 Guard Tower
06:20 Blacksmith
06:35 Farm
06:36 Farm
07:06 Scout Tower
07:08 Scout Tower
07:08 Scout Tower
07:28 Arcane Sanctum
07:38 Arcane Tower
07:39 Guard Tower
07:41 Town Hall
08:03 Town Hall
08:04 Guard Tower
08:31 Scout Tower
08:32 Scout Tower
09:09 Workshop
09:13 Workshop
09:23 Guard Tower
09:28 Guard Tower
11:18 Castle
11:29 Arcane Sanctum
11:31 Farm
11:33 Scout Tower
12:03 Arcane Tower
12:10 Scout Tower
12:11 Scout Tower
12:44 Arcane Tower
12:48 Scout Tower
12:55 Farm
12:55 Farm
13:36 Arcane Tower
16:33 Scout Tower
16:34 Scout Tower
18:26 Scout Tower
18:29 Scout Tower
19:20 Arcane Tower
20:20 Arcane Tower
20:21 Guard Tower
20:28 Farm
20:35 Arcane Vault
22:23 Town Hall
22:26 Scout Tower
22:27 Scout Tower
22:28 Scout Tower
22:28 Scout Tower
22:30 Scout Tower
22:30 Scout Tower
22:32 Arcane Tower
22:33 Guard Tower
24:12 Arcane Tower
24:13 Guard Tower
24:14 Scout Tower
24:17 Scout Tower
24:19 Scout Tower
24:54 Barracks
24:57 Gryphon Aviary
24:59 Gryphon Aviary
27:52 Guard Tower
29:19 Gryphon Aviary
29:22 Gryphon Aviary
31:34 Lumber Mill
31:54 Town Hall
32:24 Town Hall
32:30 Scout Tower
32:31 Scout Tower
32:31 Scout Tower
32:33 Scout Tower
32:33 Scout Tower
32:34 Scout Tower
32:36 Scout Tower
32:37 Scout Tower
37:12 Guard Tower
37:21 Arcane Tower
37:24 Scout Tower
37:25 Scout Tower
38:45 Arcane Tower
38:46 Guard Tower
39:34 Scout Tower
39:38 Scout Tower
39:45 Scout Tower
39:48 Scout Tower
39:51 Scout Tower
39:55 Scout Tower
39:58 Scout Tower
40:02 Scout Tower
40:05 Scout Tower
40:07 Scout Tower
40:10 Scout Tower
40:12 Scout Tower
40:14 Scout Tower
40:16 Scout Tower
40:18 Scout Tower
40:22 Scout Tower
40:24 Scout Tower
40:25 Scout Tower
40:26 Scout Tower
40:27 Scout Tower
40:34 Scout Tower
40:56 Workshop
40:57 Workshop
41:00 Farm
41:00 Farm
41:01 Farm
42:35 Scout Tower
42:37 Scout Tower
45:47 Guard Tower
45:49 Scout Tower
46:38 Guard Tower
46:39 Guard Tower
46:41 Guard Tower
46:59 Scout Tower
47:01 Scout Tower
47:30 Scout Tower
47:34 Scout Tower
47:38 Scout Tower
48:30 Guard Tower
48:39 Scout Tower
48:57 Scout Tower
49:00 Guard Tower
50:02 Guard Tower
51:09 Scout Tower
56:27 Farm
56:27 Farm
56:28 Farm
56:29 Farm
56:30 Farm
» items
Lesser Clarity Potion4
Scroll of Regeneration7
Boots of Speed3
Potion of Healing5
Ivory Tower7
Staff of Teleportation3
Potion of Lesser Invulnerability3
Staff of Sanctuary2
Scroll of Town Portal2
Tome of Retraining1
Mechanical Critter2
Periapt of Vitality1
40 total